 Dungeon Crawl Stone Soup version 0.30-a0-341-g682706514a (webtiles) character file.

Game seed: 16579958824874229440

246 hikkokomori the Conjurer (level 5, -2/38 HPs)
             Began as a Demigod Conjurer on Nov 4, 2022.
             Slain by Edmund
             ... wielding a +3 vorpal flail
              (3 damage)
             ... on level 4 of the Dungeon.
             The game lasted 00:04:01 (3427 turns).

hikkokomori the Conjurer (Demigod Conjurer)         Turns: 3427, Time: 00:04:01

Health: -2/38      AC:  2    Str:  8    XL:     5   Next: 54%
Magic:  3/13       EV: 12    Int: 24    God:
Gold:   171        SH:  0    Dex: 12    Spells: 4/11 levels left

rFire   . . .      SeeInvis .    (no weapon)
rCold   . . .      Faith    .    (no shield)
rNeg    . . .      Spirit   .    a - +0 robe
rPois   .          Reflect  .    (no helmet)
rElec   .          Harm     .    (no cloak)
rCorr   .          Rampage  .    (no gloves)
Will    .....                    (no boots)
Stlth   ++........               (no amulet)
HPRegen 0.26/turn                (no ring)
MPRegen 0.13/turn                (no ring)

@: very slightly contaminated
A: high MP 1, forlorn, divine attributes, deterioration 1, sturdy frame 1
a: no special abilities


You were on level 4 of the Dungeon.
You visited 1 branch of the dungeon, and saw 4 of its levels.

You collected 171 gold pieces.

Inventory:

Armour
 a - a +0 robe (worn)
Scrolls
 c - 3 scrolls of identify
 i - 3 scrolls of immolation
Potions
 b - a potion of magic
 d - 3 potions of haste {unknown}
 e - a potion of heal wounds
 f - a potion of flight {unknown}
 k - a potion of might {unknown}


   Skills:
 - Level 1.8 Dodging
 - Level 1.8 Stealth
 + Level 3.8 Spellcasting
 + Level 5.2 Conjurations
 + Level 0.3 Hexes


You had 4 spell levels left.
You knew the following spells:

 Your Spells              Type           Power      Damage    Failure   Level
a - Magic Dart            Conj           100%       1d8       1%          1
b - Searing Ray           Conj           58%        2d6       1%          2
c - Fulminant Prism       Conj/Hex       8%         3d7       32%         4

Your spell library contained the following spells:

 Spells                   Type           Power      Damage    Failure   Level
 Dazzling Flash           Conj/Hex       34%        N/A       10%         3
 Sublimation of Blood     Necr           4%         N/A       16%         2
 Wereblood                Tmut           4%         N/A       16%         2
 Iskenderun's Mystic Bla  Conj/Tloc      17%        2d5       34%         4
 Summon Hydra             Summ           2%         N/A       100%        7


Dungeon Overview and Level Annotations

Branches:
Dungeon (4/15)
 Temple: D:4-7

Annotations:
D:2 1 runed translucent door, Crazy Yiuf
D:4 Edmund


Innate Abilities, Weirdness & Mutations

You have an increased reservoir of magic. (+10% MP)
You shall have no god before yourself.
Your divine heritage dramatically boosts your attributes as you level up.
Your body sometimes deteriorates upon taking damage.
Your movements are slightly less encumbered by armour. (ER -2)


Message History

Aim: Edmund, wielding a +3 vorpal flail and wearing a +0 chain mail (85% to hit)
The searing ray hits Edmund.
Edmund is lightly wounded. (Press . to maintain the ray.) Edmund misses you.
The searing ray hits Edmund!
Edmund is moderately wounded.
Edmund barely misses you.
The searing ray misses Edmund.
Edmund says, "A flail is better than a scythe, any day of the week!"
Edmund closely misses you.
The searing ray hits Edmund but does no damage.
Edmund is moderately wounded.
You finish channelling your searing ray.
Edmund hits you with a +3 vorpal flail! Edmund hits you with a +3 vorpal flail!
* * * LOW HITPOINT WARNING * * *
x2 Edmund closely misses you.
It was a potion of heal wounds.
You feel much better. Edmund hits you with a +3 vorpal flail!
As you read the scroll labelled OMO OHIBOUPNELU, it crumbles to dust.
It is a scroll of identify.
i - 3 scrolls of immolation Edmund hits you with a +3 vorpal flail.
* * * LOW HITPOINT WARNING * * *
Unknown command.
As you read the scroll labelled IDUDYD APOIDIOTOY, it crumbles to dust.
It is a scroll of enchant weapon.
You aren't carrying any weapons that can be enchanted.
Edmund barely misses you.
As you read the scroll labelled PALOUGH UNIT, it crumbles to dust.
You hear a loud clanging noise!
It was a scroll of noise.
You hear a shout! x3
Edmund barely misses you.
As you read the scroll labelled QIROAXZ OTIG, it crumbles to dust.
You assume a fearsome visage.
Edmund easily resists.
It was a scroll of fear.
Edmund hits you with a +3 vorpal flail!
* * * LOW HITPOINT WARNING * * *
You die...

#.........#.....#
+...............'
#........#......#
#........#......#
#####...#####......#
?....[........######
###.#.#.###..##
#...#.#...#..#
#.###@###.###..#
#....@.........#
#..............#
#.#.#.###.###..# #
#.#.# #.# ## ###.#
#.# ... ... ... ...
##. ##.##


You could see Edmund.

Vanquished Creatures
  An ice beast (D:3)
  Natasha (twice) (D:2)
  2 adders
  3 dart slugs
  3 worms
  2 orcs
  4 endoplasms
  2 giant cockroaches
  4 goblins
  5 hobgoblins
  2 jackals (D:2)
  6 quokkas
  13 ball pythons
  4 bats
  2 frilled lizards
  8 kobolds
  5 rats
68 creatures vanquished.

Notes
Turn   | Place    | Note
-------+----------+-------------------------------------------
     0 | D:1      | hikkokomori the Demigod Conjurer began the quest for the
                  | Orb.
     0 | D:1      | Reached XP level 1. HP: 14/14 MP: 5/5
   304 | D:1      | Reached XP level 2. HP: 20/20 MP: 4/7
   492 | D:1      | Reached skill level 4 in Conjurations
  1179 | D:2      | Reached XP level 3. HP: 26/26 MP: 2/9
  1574 | D:2      | Noticed Natasha
  1579 | D:2      | Gained mutation: You are occasionally teleported next to
                  | monsters. [potion of mutation]
  1581 | D:2      | Lost mutation: You are occasionally teleported next to
                  | monsters. [potion of mutation]
  1581 | D:2      | Gained mutation: Your body sometimes deteriorates upon
                  | taking damage. [potion of mutation]
  1581 | D:2      | Gained mutation: Your movements are slightly less
                  | encumbered by armour. (ER -2) [potion of mutation]
  1651 | D:2      | Killed Natasha
  1655 | D:2      | Learned a level 2 spell: Searing Ray
  1800 | D:2      | Noticed Natasha
  1804 | D:2      | Killed Natasha
  1805 | D:2      | Reached XP level 4. HP: 26/33 MP: 5/11
  2164 | D:2      | Found a runed translucent door.
  2165 | D:2      | Noticed Crazy Yiuf
  2604 | D:3      | Noticed an ice beast
  2611 | D:3      | Killed an ice beast
  2612 | D:3      | Reached skill level 5 in Conjurations
  2612 | D:3      | Reached XP level 5. HP: 38/38 MP: 3/13
  2700 | D:3      | Learned a level 4 spell: Fulminant Prism
  3413 | D:4      | Noticed Edmund
  3427 | D:4      | HP: 1/38 [Edmund/+3 vorpal flail (10)]
  3427 | D:4      | Slain by Edmund

Illustrated notes

Levels and vault maps discovered:
D:1:      ncdulo_halloftheorcs, layout_basic
D:2:      minmay_spotlight, layout_basic,
          dreamdust_ecumenical_altar_angels_and_demons, uniq_crazy_yiuf_cottage,
          uniq_natasha
D:3:      layout_basic, mainiacjoe_overflow_boulevard,
          mainiacjoe_overflow_small_starburst, grunt_temple_overflow_diamond
D:4:      layout_basic, mainiacjoe_overflow_six_doors_small, old_standard_altar,
          mainiacjoe_overflow_tiny_flanked, nicolae_ossuary_entry_plus,
          minmay_misc_feat_nine_boxes, uniq_eustachio, uniq_edmund, uniq_robin

Skill      XL: |  1  2  3  4 |
---------------+-------------+-----
Spellcasting   | 2 3 |  3.8
Conjurations   | 4 5 |  5.2
Dodging        | |  1.8
Stealth        | |  1.8
Hexes          | |  0.3

Action                   |  1- 3 |  4- 6 || total
-------------------------+-------+-------++-------
Melee: Unarmed           |     2 |       ||     2
 Cast: Magic Dart        |    88 |    65 ||   153
       Searing Ray       |     1 |     2 ||     3
  Use: Potion            |     2 |     1 ||     3
       Scroll            |     1 |     4 ||     5
Armor: Robe              |     1 |       ||     1
Dodge: Dodged            |     2 |     6 ||     8

Table legend: (Time is in decaauts)
 A = Elapsed time spent in this place.
 B = Non-inter-level travel time spent in this place.
 C = Inter-level travel time spent in this place.
 D = Time resting spent in this place.
 E = Time spent auto-exploring this place.
 F = Levels seen in this place.
 G = Mean time per level.
                   A        B        C        D        E       F      G
               +--------+--------+--------+--------+--------+-----+--------+
         Total |   3426 |   3349 |     77 |    111 |   2934 |   4 |  856.5 |
       Dungeon |   3426 |   3349 |     77 |    111 |   2934 |   4 |  856.5 |
               +--------+--------+--------+--------+--------+-----+--------+

Top non-repeatable levels by time:
     D:2: 1532 daAuts
     D:3: 893 daAuts
     D:1: 880 daAuts
     D:4: 119 daAuts
